 Dungeon Crawl Stone Soup version 0.18.1-50-g88ac8fd (webtiles) character file.

32 WhiskeyPanda the Insei (level 3, 0/26 HPs)
             Began as a Demonspawn Transmuter on Sept 28, 2016.
             Slain by a kobold (1 damage)
             ... on level 2 of the Dungeon.
             The game lasted 00:14:35 (1143 turns).

WhiskeyPanda the Insei (Demonspawn Transmuter)      Turns: 1143, Time: 00:14:36

Health: 0/26       AC:  2    Str: 11    XL:     3   Next: 10%
Magic:  4/6        EV: 12    Int: 14    God:
Gold:   34         SH:  0    Dex: 13    Spells: 2 memorised, 4 levels left

rFire  . . .     SeeInvis .     m - +0 short sword
rCold  . . .     Gourm    .     b - +0 robe
rNeg   . . .     Faith    .     (no shield)
rPois  .         Spirit   .     (no helmet)
rElec  .         Dismiss  .     (no cloak)
rCorr  .         Reflect  .     (no gloves)
SustAt .         Harm     .     (no boots)
MR     .....                    (no amulet)
Stlth  +.........               (no ring)
                                (no ring)

@: not resistant to hostile enchantments, very unstealthy
A: demonic guardian 1, rot immunity
a: no special abilities


You were on level 2 of the Dungeon.
You were not hungry.

You visited 1 branch of the dungeon, and saw 2 of its levels.

You collected 34 gold pieces.

Inventory:

Hand Weapons
 m - a +0 short sword (weapon)
Missiles
 a - 48 arrows
Armour
 b - a +0 robe (worn)
Jewellery
 h - an uncursed ring of fire
Scrolls
 e - 2 scrolls of amnesia
 g - 4 scrolls of identify
 l - a scroll of random uselessness
Potions
 j - a potion of might {unknown}
 k - a potion of resistance {unknown}
Books
 c - a book of Changes

   Spells                             Type                      Level
   a - Beastly Appendage              Transmutation                1
   b - Sticks to Snakes               Transmutation                2
   c - Spider Form                    Transmutation/Poison         3
   d - Ice Form                       Ice/Transmutation            4
   e - Blade Hands                    Transmutation                5
Comestibles
 d - 2 bread rations


   Skills:
 + Level 1.0 Fighting
 + Level 2.2 Dodging
 + Level 2.9 Unarmed Combat
 + Level 2.5 Spellcasting
 + Level 2.2 Transmutations


You had 4 spell levels left.
You knew the following spells:

 Your Spells              Type           Power        Failure   Level  Hunger
a - Beastly Appendage     Trmt           #.....       12%         1    #......
b - Sticks to Snakes      Trmt           #.......     17%         2    ###....


Dungeon Overview and Level Annotations

Branches:
Dungeon (2/15)

Altars:


Innate Abilities, Weirdness & Mutations

A weak demonic guardian rushes to your aid.
You are immune to rotting.


Message History

The jackal is severely wounded.
Your ball python withers and dies!
The jackal bites you but does no damage.
The kobold misses you. The jackal barely misses you.
You closely miss the jackal.
The jackal is severely wounded.
The jackal bites you.
* * * LOW HITPOINT WARNING * * *
The kobold hits you.
* * * LOW HITPOINT WARNING * * *
The jackal barely misses you. The kobold closely misses you.
You barely miss the jackal.
The jackal is severely wounded.
The jackal misses you. The kobold closely misses you.
Read which item? (? for menu, Esc to quit)
As you read the scroll labeled ATSUYKK FAISEE, it crumbles to dust.
You experience a momentary feeling of inescapable doom!
It was a scroll of random uselessness.
The jackal barely misses you. The kobold hits you.
You die...

## ## ..# .. #.# .#
#.# .# #.# .# ##.##
.# #
#######...###.##....
.....gK.#.....>...#
#@h.###......# ##.##
....... #.# ...?...
#.# ....... #.#
....... ..# #.[..##
### .#h##


You could see a jackal, a goblin and a kobold.

Vanquished Creatures
  An adder (D:2)
  A dart slug (D:1)
  6 bats (D:1)
  A giant cockroach (D:1)
  A goblin (D:1)
  2 hobgoblins (D:1)
  4 jackals (D:1)
  A giant newt (D:1)
  3 kobolds (D:1)
  2 rats (D:1)
22 creatures vanquished.

Vanquished Creatures (collateral kills)
  A kobold (D:2)
  A quokka (D:2)
  A rat (D:2)
3 creatures vanquished.

Grand Total: 25 creatures vanquished

Notes
Turn   | Place    | Note
--------------------------------------------------------------
     0 | D:1      | WhiskeyPanda the Demonspawn Transmuter began the quest for the Orb.
     0 | D:1      | Reached XP level 1. HP: 15/15 MP: 3/3
   170 | D:1      | Gained mutation: A weak demonic guardian rushes to your aid. [demonic ancestry]
   170 | D:1      | Reached XP level 2. HP: 16/21 MP: 3/5
   802 | D:1      | Learned a level 2 spell: Sticks to Snakes
  1117 | D:2      | Gained mutation: You are immune to rotting. [demonic ancestry]
  1117 | D:2      | Reached XP level 3. HP: 9/26 MP: 1/6
  1141 | D:2      | HP: 1/26 [kobold (2)]
  1143 | D:2      | Slain by a kobold

Skill      XL: |  1  2 |
---------------+-------+-----
Transmutations | 2 |  2.2
Dodging        | 2 |  2.2
Fighting       | |  1.0
Unarmed Combat | |  2.9
Spellcasting   | |  2.5

Action                   || total
-------------------------++-------
Melee: Unarmed           ||    81
       Kick              ||     8
       Headbutt          ||     2
       Short sword       ||    22
 Cast: Beastly Appendage ||    17
       Sticks to Snakes  ||     3
  Use: Scroll            ||     4
  Eat: Meat ration       ||     1
Armor: Robe              ||    34
Dodge: Dodged            ||   112
